 Dungeon Crawl Stone Soup version 0.29-a0-911-g88e6f02907 (webtiles) character file.

Game seed: 630664574320458747

1373 Hubjo the Changer (level 8, -4/61 HPs)
             Began as a Demonspawn Transmuter on July 25, 2022.
             Shot with an arrow by a centaur (9 damage)
             ... on level 6 of the Dungeon.
             The game lasted 00:12:47 (6795 turns).

Hubjo the Changer (Demonspawn Transmuter)           Turns: 6795, Time: 00:12:48

Health: -4/61      AC:  5    Str: 15    XL:     8   Next: 39%
Magic:  14/14      EV: 12    Int: 13    God:
Gold:   270        SH:  0    Dex: 20    Spells: 3/15 levels left

rFire   . . .      SeeInvis .     - Unarmed
rCold   + + +      Faith    .   (no shield)
rNeg    + . .      Spirit   .   a - +0 robe
rPois   .          Reflect  .   (no helmet)
rElec   .          Harm     .   (no cloak)
rCorr   .          Rampage  .   (no gloves)
Will    .....                   (no boots)
Stlth   ++........              (no amulet)
HPRegen 1.20/turn               c - +4 ring of slaying
MPRegen 0.14/turn               l - ring of Akhlycial {rC+++ rN+ Str+4 Int-3 Dex+6}

@: about to teleport
A: yellow scales 2, powered by death 1
a: no special abilities


You were on level 6 of the Dungeon.
You visited 1 branch of the dungeon, and saw 6 of its levels.

You collected 270 gold pieces.

Inventory:

Armour
 a - a +0 robe (worn)
Jewellery
 c - a +4 ring of slaying (left hand)
 i - a ring of see invisible
 l - the ring of Akhlycial (right hand) {rC+++ rN+ Str+4 Int-3 Dex+6}
   (You found it on level 3 of the Dungeon)

   [ring of positive energy]

   Str:       It affects your strength (+4).
   Int:       It affects your intelligence (-3).
   Dex:       It affects your dexterity (+6).
   rC:        It renders you almost immune to cold.
   rN:        It protects you from negative energy.
Wands
 r - a wand of flame (19)
Scrolls
 e - a scroll of vulnerability
 g - 2 scrolls of teleportation
 h - 3 scrolls of immolation
 j - 2 scrolls of torment
 k - a scroll of noise
 n - a scroll of enchant armour
 o - a scroll of amnesia
 q - a scroll of summoning
 t - a scroll of magic mapping {unknown}
Potions
 b - 2 potions of mutation {unknown}
 d - a potion of degeneration {unknown}
 f - 2 potions of curing
 m - a potion of lignification
 p - a potion of heal wounds {unknown}
 s - a potion of magic {unknown}
 v - 2 potions of flight {unknown}
 w - a potion of attraction {unknown}
 x - a potion of resistance {unknown}


   Skills:
 + Level 4.5 Fighting
 - Level 1.7 Dodging
 + Level 4.7 Unarmed Combat
 + Level 4.2 Spellcasting
 * Level 5.8 Transmutations
 - Level 3.0 Ice Magic


You had 3 spell levels left.
You knew the following spells:

 Your Spells              Type           Power      Damage    Failure   Level
a - Beastly Appendage     Tmut           34%        N/A       1%          1
b - Ice Form              Ice/Tmut       14%        N/A       32%         4
c - Dragon Form           Tmut           8%         N/A       100%        7

Your spell library contained the following spells:

 Spells                   Type           Power      Damage    Failure   Level
 Wereblood                Tmut           17%        N/A       2%          2
 Spider Form              Tmut/Pois      10%        N/A       19%         3
 Summon Small Mammal      Summ           8%         N/A       21%         1
 Call Canine Familiar     Summ           2%         N/A       52%         3
 Summon Guardian Golem    Hex/Summ       2%         N/A       52%         3
 Cause Fear               Hex            1%         N/A       90%         4
 Dragon's Call            Summ           1%         N/A       100%        9


Dungeon Overview and Level Annotations

Branches:
Dungeon (6/15)             Temple (0/1) D:5

Altars:
Hepliaklqana
Nemelex Xobeh
Xom
Yredelemnul

Annotations:
D:6 Menkaure


Innate Abilities, Weirdness & Mutations

You are mostly covered in yellow scales. (AC +3)
You regenerate a little health from kills.


Message History

The puff of flame hits you.
Found an escape hatch in the floor.
The orc wizard points at you and mumbles some strange words.
The magic dart hits you.
A centaur comes into view.
An orc comes into view. It is wielding a +0 club.
The orc shouts!
You hear a shout!
The orc wizard barely misses you.
You hear a loud, deep croak!
You closely miss the orc wizard. Your kick misses the orc wizard.
The orc wizard misses you.
You closely miss the orc wizard. Your headbutt misses the orc wizard.
The centaur wields a +0 shortbow.
The centaur shoots an arrow.
The arrow hits you.
The orc wizard hits you but does no damage.
The centaur shoots an arrow.
The arrow hits you!
* * * LOW HITPOINT WARNING * * *
You are too injured to fight recklessly!
You are too injured to fight recklessly!
As you read the scroll of teleportation, it crumbles to dust.
You feel strangely unstable.
The centaur shoots an arrow.
The arrow barely misses you.
The orc wizard gestures at you while chanting.
You resist with some effort.
Your magical contamination has completely faded away.
You punch the orc wizard! You claw the orc wizard. You headbutt the orc wizard.
You kill the orc wizard!
The centaur shoots an arrow.
The arrow hits you.
* * * LOW HITPOINT WARNING * * *
Menkaure, Prince of Dust comes into view.
The centaur shoots an arrow.
The arrow barely misses you.
The centaur shoots an arrow.
The arrow hits you!
* * * LOW HITPOINT WARNING * * *
An orc wizard comes into view. It is wielding a +0 dagger.
Your horns disappear.
Your talons disappear.
The centaur shoots an arrow.
The arrow completely misses you.
The centaur shoots an arrow.
The arrow hits you.
* * * LOW HITPOINT WARNING * * *
The centaur shoots an arrow.
The arrow hits you!
You die...

..> #.M......≈ ....
#...c.....
......#........(.
......#..........
.....o#..).......
#......o........
................
..#...........≈≈
#....@......≈# #
#....)......≈## #
#...........≈≈## #
#............≈≈## #
#.............≈≈# #
########....######..≈
##
#.....#............#≈
#≈
#.....#.....##.....#≈
#≈
#.........######.).#≈##
#≈


You could see a centaur, an orc wizard and an orc.

Vanquished Creatures
  Eustachio (D:6)
  A human (D:3)
  Edmund (D:5)
  A centaur (D:6)
  A phantom (D:4)
  A necrophage (D:4)
  2 scorpions
  6 hounds
  2 orc priests (D:5)
  An iguana (D:5)
  Natasha (twice) (D:3)
  5 orc wizards
  8 adders
  A shadow imp (D:6)
  An ufetubus (D:5)
  2 worms
  A dart slug (D:2)
  21 orcs
  7 endoplasms
  A giant cockroach (D:1)
  6 goblins
  7 hobgoblins
  13 jackals
  4 quokkas
  7 ball pythons
  5 bats
  3 frilled lizards
  A goblin skeleton (D:3)
  A jackal skeleton (D:3)
  7 kobolds
  5 rats
125 creatures vanquished.

Notes
Turn   | Place    | Note
-------+----------+-------------------------------------------
     0 | D:1      | Hubjo the Demonspawn Transmuter began the quest for the
                  | Orb.
     0 | D:1      | Reached XP level 1. HP: 15/15 MP: 3/3
    64 | D:1      | Reached skill level 2 in Transmutations
    65 | D:1      | Gained mutation: You regenerate a little health from kills.
                  | [demonic ancestry]
    65 | D:1      | Reached XP level 2. HP: 15/21 MP: 3/5
   783 | D:1      | Gained mutation: You are partially covered in yellow
                  | scales. (AC +2) [demonic ancestry]
   783 | D:1      | Reached XP level 3. HP: 23/27 MP: 4/6
  1706 | D:2      | Reached XP level 4. HP: 33/33 MP: 5/7
  1711 | D:2      | Learned a level 4 spell: Ice Form
  2082 | D:3      | Noticed an angel
  2086 | D:3      | Found a shimmering altar of Xom.
  2479 | D:3      | Identified the ring of Akhlycial {rC+++ rN+ Str+4 Int-3
                  | Dex+6}
  2514 | D:3      | Found a runed translucent door.
  2514 | D:3      | Noticed a human
  2520 | D:3      | Found a basalt altar of Yredelemnul.
  2547 | D:3      | Killed a human
  2548 | D:3      | Reached skill level 3 in Transmutations
  2548 | D:3      | Reached skill level 1 in Ice Magic
  2548 | D:3      | Reached XP level 5. HP: 20/40 MP: 7/9
  2928 | D:3      | Noticed Natasha
  2935 | D:3      | Killed Natasha
  3140 | D:3      | Reached XP level 6. HP: 46/46 MP: 10/10
  3328 | D:3      | Noticed Natasha
  3336 | D:3      | Killed Natasha
  3994 | D:4      | Reached skill level 4 in Transmutations
  4521 | D:4      | Found a hazy altar of Hepliaklqana.
  4536 | D:4      | Reached XP level 7. HP: 36/52 MP: 11/11
  5063 | D:5      | Entered Level 5 of the Dungeon
  5722 | D:5      | Found a sparkling altar of Nemelex Xobeh.
  5780 | D:5      | Noticed Edmund
  5806 | D:5      | Killed Edmund
  5807 | D:5      | Reached skill level 5 in Transmutations
  6252 | D:5      | Gained mutation: You are mostly covered in yellow scales.
                  | (AC +3) [demonic ancestry]
  6252 | D:5      | Reached XP level 8. HP: 58/60 MP: 13/13
  6264 | D:5      | Found a staircase to the Ecumenical Temple.
  6692 | D:6      | Learned a level 7 spell: Dragon Form
  6763 | D:6      | Noticed Eustachio
  6776 | D:6      | Killed Eustachio
  6792 | D:6      | Noticed Menkaure
  6795 | D:6      | Shot with an arrow by a centaur

Illustrated notes

Levels and vault maps discovered:
D:1:      saegor_arrival_miasma, layout_loops_corners, st_stairs_11
D:2:      layout_rooms
D:3:      layout_basic, grunt_temple_overflow_order_and_chaos_1,
          overflow_temple_1_default, dk_yredelemnul_ordeal, uniq_natasha
D:4:      layout_basic, nicolae_hepliaklqana_hazy_memory,
          kennysheep_generic_room_12
D:5:      layout_gridville, lemuel_tele_altar,
          minmay_temple_entry_enclosed_plants, uniq_edmund
D:6:      layout_basic, grunt_decor_mini_mirrors, minivault_22, minmay_holes,
          minmay_manual_mullet, uniq_eustachio, uniq_prince_ribbit1,
          uniq_menkaure

Skill      XL: |  1  2  3  4  5  6  7  8 |
---------------+-------------------------+-----
Transmutations | 2 3 4 5 |  5.8
Fighting       | 2 3 4 |  4.5
Unarmed Combat | 3 4 |  4.7
Ice Magic      | 1 2 3 |  3.0
Spellcasting   | 3 4 |  4.2
Dodging        | |  1.7

Action                   |  1- 3 |  4- 6 |  7- 9 || total
-------------------------+-------+-------+-------++-------
Melee: Unarmed           |   101 |   160 |   107 ||   368
       Kick              |    30 |    37 |    23 ||    90
       Headbutt          |     9 |    26 |    15 ||    50
       Punch             |     3 |     4 |     2 ||     9
 Cast: Beastly Appendage |    22 |    32 |    18 ||    72
  Use: Potion            |       |     2 |     1 ||     3
       Scroll            |       |       |    12 ||    12
 Stab: Sleeping          |     2 |       |     1 ||     3
Armor: Robe              |    24 |    32 |    21 ||    77
       Skin              |       |     5 |    61 ||    66
Dodge: Dodged            |    80 |    70 |    72 ||   222

Table legend: (Time is in decaauts)
 A = Elapsed time spent in this place.
 B = Non-inter-level travel time spent in this place.
 C = Inter-level travel time spent in this place.
 D = Time resting spent in this place.
 E = Time spent auto-exploring this place.
 F = Levels seen in this place.
 G = Mean time per level.
                   A        B        C        D        E       F      G
               +--------+--------+--------+--------+--------+-----+--------+
         Total |   6771 |   6598 |    173 |    794 |   4698 |   6 | 1128.5 |
       Dungeon |   6771 |   6598 |    173 |    794 |   4698 |   6 | 1128.5 |
               +--------+--------+--------+--------+--------+-----+--------+

Top non-repeatable levels by time:
     D:4: 1952 daAuts
     D:3: 1624 daAuts
     D:1: 1245 daAuts
     D:5: 982 daAuts
     D:2: 741 daAuts
     D:6: 224 daAuts
